 Dungeon Crawl Stone Soup version 0.29.1-15-g9cfb28693d (webtiles) character file.

Game seed: 3407324948795765321

198540 safid the Gelid (level 18, -16/126 (131) HPs)
             Began as a Merfolk Ice Elementalist on Apr 3, 2023.
             Was a High Priest of Vehumet.
             Succumbed to poison (dark miasma)
             ... on level 4 of the Swamp on Apr 4, 2023.
             The game lasted 02:43:11 (51452 turns).

safid the Gelid (Merfolk Ice Elementalist)         Turns: 51452, Time: 02:43:12

HP:   -16/126 (131) AC: 12    Str: 15    XL:     18   Next: 44%
MP:   4/31          EV: 25    Int: 28    God:    Vehumet [*****.]
Gold: 32            SH: 18    Dex: 15    Spells: 7/43 levels left

rFire   + . .      SeeInvis +   C - +8 rapier of Exchange {spect, rCorr Str+4}
rCold   . . .      Faith    .   v - +2 kite shield {reflect}
rNeg    + . .      Spirit   .   S - +2 robe {rN+}
rPois   .          Reflect  +   G - +2 helmet {SInv}
rElec   .          Harm     .   V - +1 cloak of Starlight {*Dazzle EV+4 Stlth--}
rCorr   +          Rampage  .   p - +2 pair of gloves {Str+3}
Will    ++...                   (boots currently unavailable)
Stlth   ..........              M - amulet of regeneration
HPRegen 1.11/turn               b - ring of the Gazing Gods {Drain Will+ Int+8 Slay+6 Stlth-}
MPRegen 0.22/turn               g - ring of protection from fire

@: lethally poisoned (-16 -> -61), slowed, studying 2 skills, lightly drained,
quick
A: nimble swimmer 2, mertail, large bone plates 1, frail 1, low MP 1, weak 1,
evolution 1
}: 1/15 runes: serpentine
a: Renounce Religion


You were on level 4 of the Swamp.
You worshipped Vehumet.
Vehumet was extremely pleased with you.
You visited 5 branches of the dungeon, and saw 27 of its levels.
You also visited: Sewer, Bailey and Gauntlet.

You collected 4543 gold pieces.
You spent 4511 gold pieces at shops.

Inventory:

Hand Weapons
 u - the +9 quarterstaff "Fineoref" {holy, rC+ Str+2 SInv}
   (You found it on level 5 of the Lair of Beasts)

   It has been blessed by the Shining One to cause great damage to the undead
   and demons.
   Str:       It affects your strength (+2).
   rC:        It protects you from cold.
   SInv:      It lets you see invisible.
 C - the +8 rapier of Exchange (weapon) {spect, rCorr Str+4}
   (You took it off a gnoll in a bailey)

   When its wielder attacks, the weapon's spirit leaps out and strikes again.
   The spirit shares a part of any damage it takes with its wielder.
   Str:       It affects your strength (+4).
   rCorr:     It protects you from acid and corrosion.
Missiles
 L - 7 curare-tipped darts
Armour
 p - a +2 pair of gloves of strength (worn)
 v - a +2 kite shield of reflection (worn)
 x - the +0 pair of boots of Ignis's Displeasure {rC+ Int+2 Dex+3}
   (You found it on level 2 of the Orcish Mines)

   Int:       It affects your intelligence (+2).
   Dex:       It affects your dexterity (+3).
   rC:        It protects you from cold.
 G - a +2 helmet of see invisible (worn)
 R - the +1 pair of boots of Amuxi (melded) {rPois rC+}
   (You found it in a Gauntlet)

   rC:        It protects you from cold.
   rPois:     It protects you from poison.
 S - a +2 robe of positive energy (worn)
 V - the +1 cloak of Starlight (worn) {*Dazzle EV+4 Stlth--}
   (You bought it in a shop on level 4 of the Snake Pit)

   It may blind those who miss an attack against the wearer in melee combat.
   EV:        It affects your evasion (+4).
   Stlth:     It makes you much less stealthy.
Jewellery
 b - the ring of the Gazing Gods (left hand) {Drain Will+ Int+8 Slay+6 Stlth-}
   (You bought it in a shop on level 2 of the Snake Pit)

   [ring of willpower]

   Int:       It affects your intelligence (+8).
   Slay:      It affects your accuracy & damage with ranged weapons and melee
   (+6).
   Drain:     It drains your maximum health when unequipped.
   Will:      It increases your willpower.
   Stlth:     It makes you less stealthy.
 g - a ring of protection from fire (right hand)
 y - a ring of protection from cold
 A - the ring of Paxi Nif {rPois SInv}
   (You found it on level 5 of the Lair of Beasts)

   [ring of poison resistance]

   rPois:     It protects you from poison.
   SInv:      It lets you see invisible.
 F - a ring of poison resistance
 M - an amulet of regeneration (around neck)
 N - a ring of resist corrosion
Wands
 d - a wand of mindburst (24)
 j - a wand of light (12)
 k - a wand of roots (41)
 D - a wand of polymorph (8)
 I - a wand of flame (52)
 O - a wand of charming (5)
Scrolls
 h - a scroll of blinking
 i - 21 scrolls of teleportation
 n - 11 scrolls of fear
 t - a scroll of amnesia
 w - 3 scrolls of magic mapping
 z - a scroll of summoning
 J - 4 scrolls of butterflies
 U - 3 scrolls of silence
Potions
 c - 2 potions of invisibility
 e - 3 potions of berserk rage
 f - 14 potions of curing
 l - 4 potions of cancellation
 m - 3 potions of ambrosia
 q - 5 potions of haste
 s - 6 potions of might
 E - a potion of heal wounds
 H - a potion of lignification
 K - 2 potions of resistance
 P - a potion of flight
 Q - a potion of brilliance
Miscellaneous
 a - a lightning rod (4/4)


   Skills:
 - Level 14.0 Fighting
 - Level 12.0 Dodging
 - Level 2.1 Stealth
 + Level 12.0 Shields
 + Level 13.4 Spellcasting
 - Level 4.0 Conjurations
 - Level 16.0 Transmutations
 + Level 17.4 Ice Magic
 - Level 12.0 Poison Magic


You had 7 spell levels left.
You knew the following spells:

 Your Spells              Type           Power      Damage    Failure   Level
a - Irradiate             Conj/Tmut      33%        3d22      1%          5
b - Frozen Ramparts       Ice            100%       1d16      0%          3
c - Ozocubu's Armour      Ice            86%        N/A       0%          3
d - Dragon Form           Tmut           41%        N/A       7%          7
e - Ozocubu's Refrigerat  Ice            43%        4d17      1%          7
f - Olgreb's Toxic Radia  Pois           72%        N/A       1%          4
g - Ignite Poison         Fire/Tmut/Pois 63%        N/A       1%          3
h - Hailstorm             Conj/Ice       68%        3d14      1%          4

Your spell library contained the following spells:

 Spells                   Type           Power      Damage    Failure   Level
 Lehudib's Crystal Spear  Conj/Erth      15%        10d5      100%        8
 Chain Lightning          Conj/Air       15%        3d20      100%        9
 Shatter                  Erth           9%         3d11*     100%        9
 Beastly Appendage        Tmut           100%       N/A       0%          1
 Freeze                   Ice            100%       1d11      0%          1
 Wereblood                Tmut           83%        N/A       0%          2
 Foxfire                  Conj/Fire      100%       2x1d9     1%          1
 Magic Dart               Conj           100%       1d8       1%          1
 Poisonous Vapours        Pois/Air       100%       N/A       1%          2
 Searing Ray              Conj           82%        2d7       1%          2
 Spider Form              Tmut/Pois      77%        N/A       1%          3
 Ice Form                 Ice/Tmut       85%        N/A       1%          4
 Summon Ice Beast         Ice/Summ       61%        N/A       1%          4
 Blade Hands              Tmut           41%        N/A       1%          5
 Scorch                   Fire           36%        2d7       2%          2
 Conjure Flame            Conj/Fire      30%        6-21      2%          3
 Dazzling Flash           Conj/Hex       60%        N/A       2%          3
 Freezing Cloud           Conj/Ice/Air   28%        6-21      2%          5
 Inner Flame              Hex/Fire       18%        N/A       4%          3
 Flame Wave               Conj/Fire      30%        2d9       7%          4
 Fulminant Prism          Conj/Hex       15%        3d11      7%          4
 Iskenderun's Mystic Bla  Conj/Tloc      30%        2d8       7%          4
 Sticky Flame             Conj/Fire      30%        2d5       7%          4
 Corpse Rot               Necr/Pois/Air  41%        N/A       11%         4
 Simulacrum               Ice/Necr       30%        N/A       24%         6
 Animate Armour           Summ/Erth      36%        N/A       50%         4
 Iron Shot                Conj/Erth      15%        9d4       65%         6
 Starburst                Conj/Fire      15%        6d6       65%         6
 Summon Cactus Giant      Summ           9%         N/A       100%        6
 Polar Vortex             Ice            43%        N/A       71%         9
 Borgnjor's Revivificati  Necr           9%         N/A       100%        8
 Ignition                 Fire           9%         3d5       100%        8
 Necromutation            Tmut/Necr      29%        N/A       100%        8
 Death's Door             Necr           9%         N/A       100%        9


Dungeon Overview and Level Annotations

Branches:
Dungeon (12/15)            Temple (0/1) D:5            Lair (5/5) D:10
  Swamp (4/4) Lair:3        Snake (4/4) Lair:2        Slime (0/5) Lair:4
    Orc (2/2) D:9             Elf (0/3) Orc:2         Sewer (visited)
 Bailey (visited)         Gauntlet (visited)

Altars:
Ashenzari
Elyvilon
Fedhas
Gozag
Okawaru
Sif Muna
Trog
Vehumet
Xom
Jiyva

Shops:
D:2 ?!!*=   D:6 *   D:9 [   Orc:2 [*[(   Snake:2 (*=**   Snake:3 (
Snake:4 [*[[*

Annotations:
D:10 exclusion: two-headed ogre
Swamp:2 1 runed translucent door, Loveship's ghost, adept VSEn
Swamp:4 Roxanne


Innate Abilities, Weirdness & Mutations

You are very nimble when in or above water. (Stealth+, EV+, Speed+++)
Your lower body shifts to a powerful aquatic tail in water.
You are partially covered in large bone plates. (SH +4)
You are frail. (-10% HP)
Your magical capacity is low. (-10% MP)
You are weak. (Str -2)
You have hidden genetic potential.


Message History

You are lethally poisoned!
* * * LOW HITPOINT WARNING * * *
x2 You feel extremely sick.
You block the death drake's attack. The death drake closely misses you.
Unknown command.
You feel much better.
You feel extremely sick. The death drake breathes miasma at you.
The foul vapour engulfs you!
You are lethally poisoned!
You feel as though you will be slow longer.
* * * LOW HITPOINT WARNING * * *
The death drake bites you but does no damage.
Blink to where?
Press: ? - help, Dir - move target Floosh!
As you read the scroll of blinking, it crumbles to dust.
* * * LOW HITPOINT WARNING * * *
You feel extremely sick.
You feel better.
Unknown command.
Casting: Ozocubu's Refrigeration (dangerous; 1% risk of failure)
Confirm with . or Enter, or press ? or * to list all spells.
The heat is drained from your surroundings.
The death drake is almost dead.
The death drake seems to slow down.
The death drake breathes miasma at you. The foul vapour engulfs you!
You are poisoned.
* * * LOW HITPOINT WARNING * * *
Unknown command.
Casting: Ozocubu's Refrigeration (dangerous; 1% risk of failure)
Confirm with . or Enter, or press ? or * to list all spells.
The heat is drained from your surroundings.
You kill the death drake!
Vehumet accepts your kill.
You feel your power returning.
You are engulfed in dark miasma.
You are more poisoned.
* * * LOW HITPOINT WARNING * * *
You die...

~~~~..♣♣♣~~~~♣♣~~.~~♣
~~~~~§♣♣♣♣~~...§~~~♣♣
~♣.§~~..♣♣♣♣.~~...♣♣
♣♣♣♣♣.~~..♣.~~~~~~.♣ ♣
♣.~~~.♣~~~~~~~♣♣ ♣
♣♣~♣♣♣♣.~~~...~♣ ♣♣♣♣ ♣♣♣
♣....°°~.♣♣♣ ...♣♣
♣♣♣..♣°°°.~♣ ....♣
♣♣♣♣♣@°~~♣♣ ♣~.♣♣♣♣♣
♣♣♣.♣♣♣°☼.♣♣♣
♣♣~♣~~.♣♣♣...~.°°.°..♣♣
♣♣~~~.~♣.~~.....♣~~~~♣
♣.~§~.♣♣♣~......♣.~~~♣
♣~.~.♣♣♣~~~.........~♣♣♣♣♣♣
♣♣~...♣~~~..~.~.≈≈......≈≈≈♣
♣.....~~~~~~~~.~≈≈≈≈..≈≈≈≈≈#
♣♣♣..~)~~~....~♣#≈~~≈°°°≈≈##


There were no monsters in sight!

Vanquished Creatures
  Mara (Swamp:4)
  Nikola (Swamp:2)
  Mlioglotl (Swamp:2)
  A tentacled monstrosity (Swamp:2)
  2 quicksilver dragons (Snake:4)
  Gastronok (D:8)
  Kirke (Swamp:1)
  A thorn hunter (Swamp:3)
  A fenstrider witch (Swamp:3)
  5 nagarajas
  Donald (Swamp:1)
  Aizul (Snake:3)
  The ghost of Seidenschwarz the Severer, a journeyman MiFi of Okawaru (Orc:2)
  6 eleionomae
  2 bunyips
  A dire elephant (Lair:5)
  A minotaur (Gauntlet)
  3 shambling mangroves
  21 hydras
  A boulder beetle (D:12)
  10 anacondas
  3 salamander tyrants (Snake:4)
  9 naga warriors
  2 catoblepae (Lair:5)
  3 alligators (Swamp:2)
  A centaur warrior (D:9)
  8 death yaks
  3 orc high priests (Orc:2)
  7 naga sharpshooters
  10 shock serpents
  Urug (D:12)
  3 goliath frogs
  A salamander mystic (Snake:4)
  A fire crab (Lair:4)
  9 sea snakes
  4 bog bodies
  A death drake (Swamp:4)
  2 spectral hydras (Swamp:4)
  6 naga ritualists
  A spriggan druid (Swamp:3)
  2 swamp dragons
  2 lindwurms (Lair:5)
  6 orc knights
  A cyclops (Orc:1)
  13 mana vipers
  2 necromancers (Gauntlet)
  3 oklob plants (Lair:4)
  2 manticores (Lair:5)
  3 orc sorcerers (Orc:2)
  13 salamanders
  11 elephants
  A will-o-the-wisp (Swamp:1)
  2 moths of wrath (Orc:2)
  An ugly thing (D:12)
  43 black mambas
  9 guardian serpents
  Maurice (D:12)
  14 naga magi
  A gargoyle (D:12)
  7 komodo dragons
  A hellion (Gauntlet)
  15 cane toads
  5 rime drakes
  2 kobold demonologists (Bailey)
  2 swamp worm zombies (Swamp:4)
  A hydra zombie (Swamp:4)
  10 polar bears
  6 trolls
  A bloated husk (Swamp:3)
  8 tyrant leeches
  15 hornets
  4 alligator zombies (Swamp:4)
  3 raiju (Lair:5)
  2 dream sheep (Lair:5)
  6 slime creatures (D:12)
  A spectral swamp dragon (Swamp:4)
  15 blink frogs
  16 spriggans
  7 wyverns
  A wraith (D:12)
  48 yaks
  2 vampires
  4 hogs (Swamp:1)
  4 basilisks
  A steam dragon (D:7)
  15 vampire mosquitoes
  39 nagas
  4 acid dragons
  9 swamp worms
  12 wargs
  12 water moccasins
  A floating eye (Lair:4)
  12 hell hounds (Lair:5)
  3 swamp drakes
  3 ice beasts
  32 orc warriors
  12 black bears
  4 sky beasts
  A swamp dragon zombie (Swamp:4)
  4 ogres
  20 wolves
  9 centaurs
  A kobold brigand (D:10)
  2 gnoll sergeants (D:11)
  8 bullfrogs
  2 necrophages
  A scorpion (D:5)
  16 wights
  7 killer bees
  9 howler monkeys
  18 electric eels
  A jelly (D:6)
  19 orc priests
  6 hounds
  Ijyb (D:5)
  A gnoll bouda (D:8)
  6 iguanas
  21 orc wizards
  2 hell rats (Lair:2)
  A merfolk siren (Sewer)
  A merfolk avatar (Sewer)
  14 gnolls
  8 adders
  9 river rats
  2 shadow imps
  A white imp (D:6)
  3 worms (D:2)
  4 dart slugs
  94 orcs
  7 ball pythons
  A bat (D:2)
  7 endoplasms
  8 giant cockroaches
  14 goblins
  14 hobgoblins
  14 kobolds
  5 quokkas
  6 frilled lizards
  26 rats
1007 creatures vanquished.

Vanquished Creatures (others)
  A spriggan (Swamp:3)
  A hornet (Swamp:3)
  2 bloated husks (Swamp:4)
  2 humans (Swamp:1)
  16 fungi
  103 plants
  24 withered plants (Gauntlet)
149 creatures vanquished.

Grand Total: 1156 creatures vanquished

Notes
Turn   | Place    | Note
-------+----------+-------------------------------------------
     0 | D:1      | safid the Merfolk Ice Elementalist began the quest for the
                  | Orb.
     0 | D:1      | Reached XP level 1. HP: 13/13 MP: 3/3
   673 | D:1      | Reached XP level 2. HP: 20/20 MP: 3/5
   712 | D:1      | Reached skill level 1 in Fighting
  1671 | D:2      | Found Elohu's Assorted Antiques.
  1714 | D:2      | Found a radiant altar of Vehumet.
  1752 | D:2      | Reached XP level 3. HP: 20/26 MP: 1/6
  1812 | D:1      | Learned a level 3 spell: Frozen Ramparts
  2552 | D:2      | Reached skill level 5 in Ice Magic
  2552 | D:2      | Reached XP level 4. HP: 31/33 MP: 5/8
  2554 | D:2      | Became a worshipper of Vehumet
  2559 | D:2      | Learned a level 3 spell: Ozocubu's Armour
  2580 | D:2      | Found Okluor's Jewellery Shop.
  2633 | D:2      | Found a faded altar of an unknown god.
  2691 | D:2      | Found Vipesmoria's Distillery.
  2831 | D:2      | Bought a potion of heal wounds for 50 gold pieces
  2924 | D:2      | Found Uhuthrex's Magic Scroll Shop.
  2934 | D:2      | Found Meimp's Distillery.
  3092 | D:2      | Bought a scroll of identify for 20 gold pieces
  3493 | D:2      | Bought a potion of curing for 33 gold pieces
  3534 | D:3      | Reached XP level 5. HP: 10/39 MP: 2/9
  3850 | D:3      | Reached * piety under Vehumet
  3850 | D:3      | Offered knowledge of Sandblast by Vehumet.
  4730 | D:4      | Noticed an ogre
  4743 | D:4      | Killed an ogre
  4744 | D:4      | Reached XP level 6. HP: 20/47 MP: 5/11
  5348 | D:5      | Entered Level 5 of the Dungeon
  5352 | D:5      | Reached skill level 6 in Ice Magic
  5531 | D:5      | Noticed Ijyb
  5548 | D:5      | Killed Ijyb
  5653 | D:5      | Found a staircase to the Ecumenical Temple.
  5664 | D:5      | Reached XP level 7. HP: 54/54 MP: 10/13
  6126 | D:5      | Found a bloodstained altar of Trog.
  6153 | D:5      | Offered knowledge of Scorch by Vehumet.
  6158 | D:5      | Reached ** piety under Vehumet
  6472 | D:5      | Reached skill level 5 in Fighting
  6562 | D:5      | Reached skill level 7 in Ice Magic
  6702 | D:6      | Reached skill level 5 in Spellcasting
  6702 | D:6      | Reached XP level 8. HP: 54/62 MP: 15/15
  6733 | D:6      | Found a glowing drain.
  6749 | Sewer    | Entered a sewer
  7066 | Sewer    | Offered knowledge of Inner Flame by Vehumet.
  7169 | Sewer    | Reached *** piety under Vehumet
  7364 | D:6      | Found Femem's General Store.
  7903 | D:6      | Reached skill level 8 in Ice Magic
  8195 | D:6      | Found a blossoming altar of Fedhas.
  8725 | D:6      | Reached XP level 9. HP: 33/71 MP: 15/18
  8728 | D:6      | Offered knowledge of Ignite Poison by Vehumet.
  8733 | D:6      | Learned a level 3 spell: Ignite Poison
  8738 | D:6      | Learned a level 4 spell: Hailstorm
  8744 | D:6      | Learned a level 5 spell: Irradiate
  8930 | D:6      | Identified the ring "Ebloen" {rCorr Str+6 Dex-3}
  9025 | D:6      | Bought 2 scrolls of identify for 52 gold pieces
  9112 | D:2      | Bought a scroll of summoning for 95 gold pieces
  9112 | D:2      | Bought a scroll of identify for 20 gold pieces
  9112 | D:2      | Bought a scroll of teleportation for 30 gold pieces
  9112 | D:2      | Bought a scroll of teleportation for 30 gold pieces
  9661 | D:7      | Reached skill level 1 in Transmutations
  9835 | D:7      | Found a flagged portal.
  9844 | Bailey   | Entered a bailey
 10074 | Bailey   | Noticed a kobold demonologist
 10084 | Bailey   | Killed a kobold demonologist
 10228 | Bailey   | Reached skill level 9 in Ice Magic
 10857 | Bailey   | Acquired 1098 gold pieces
 10877 | Bailey   | Identified the +8 rapier of Exchange {spect, rCorr Str+4}
 10903 | Bailey   | Noticed an orc knight
 10950 | Bailey   | Reached XP level 10. HP: 59/80 MP: 18/20
 11099 | Bailey   | Noticed an orc knight
 11102 | Bailey   | Reached skill level 5 in Transmutations
 11102 | Bailey   | Noticed a kobold demonologist
 11657 | Bailey   | Found an iron altar of Okawaru.
 11807 | Bailey   | Killed an orc knight
 11920 | Bailey   | Noticed an orange demon
 11924 | Bailey   | Killed a kobold demonologist
 12913 | D:8      | Reached skill level 10 in Ice Magic
 12976 | D:8      | Noticed Gastronok
 13023 | D:8      | Reached **** piety under Vehumet
 13034 | D:8      | Killed Gastronok
 13492 | D:8      | Found a broken altar of Ashenzari.
 13499 | D:8      | Offered knowledge of Iskenderun's Battlesphere by Vehumet.
 13760 | D:2      | Bought a scroll of acquirement for 520 gold pieces
 13760 | D:2      | Acquired 518 gold pieces
 13792 | D:2      | Bought a potion of curing for 30 gold pieces
 13792 | D:2      | Bought a potion of haste for 100 gold pieces
 13792 | D:2      | Bought 2 potions of heal wounds for 100 gold pieces
 13792 | D:2      | Bought a potion of curing for 30 gold pieces
 13792 | D:2      | Bought a potion of curing for 30 gold pieces
 13827 | D:2      | Bought a potion of might for 44 gold pieces
 13827 | D:2      | Bought a potion of heal wounds for 55 gold pieces
 13827 | D:2      | Bought a potion of ambrosia for 88 gold pieces
 13827 | D:2      | Bought a potion of heal wounds for 55 gold pieces
 13827 | D:2      | Bought a potion of curing for 33 gold pieces
 13926 | D:6      | Bought a ring of poison resistance for 260 gold pieces
 13926 | D:6      | Bought a scroll of teleportation for 39 gold pieces
 14027 | D:2      | Bought a scroll of teleportation for 51 gold pieces
 14027 | D:2      | Bought a shiny helmet for 127 gold pieces
 14355 | D:8      | Reached XP level 11. HP: 74/89 MP: 23/23
 14952 | D:8      | Learned a level 7 spell: Ozocubu's Refrigeration
 15079 | D:9      | Found Nyddynakh's Armour Shop.
 15100 | D:9      | Reached skill level 1 in Conjurations
 15105 | D:9      | Reached skill level 10 in Fighting
 15211 | D:9      | Found a staircase to the Orcish Mines.
 15239 | D:9      | Noticed a centaur warrior
 15247 | D:9      | Killed a centaur warrior
 15248 | D:9      | Reached skill level 11 in Ice Magic
 16238 | D:9      | Found an iron altar of Okawaru.
 16238 | D:9      | Found a faded altar of an unknown god.
 16246 | D:9      | Found a shimmering blue altar of Sif Muna.
 16248 | D:9      | Found an opulent altar of Gozag.
 16250 | D:9      | Found a radiant altar of Vehumet.
 16823 | D:10     | Entered Level 10 of the Dungeon
 17004 | D:10     | Found a staircase to the Lair.
 17176 | D:10     | Noticed a two-headed ogre
 17383 | D:10     | Reached ***** piety under Vehumet
 17390 | D:10     | Offered knowledge of Freezing Cloud by Vehumet.
 17395 | D:10     | Reached XP level 12. HP: 41/99 MP: 21/25
 18717 | Lair:1   | Entered Level 1 of the Lair of Beasts
 18862 | Lair:1   | Reached skill level 10 in Transmutations
 19544 | Lair:1   | Reached skill level 12 in Ice Magic
 20279 | Lair:2   | Offered knowledge of Sticky Flame by Vehumet.
 20405 | Lair:2   | Reached skill level 10 in Spellcasting
 20629 | Lair:2   | Found a staircase to the Snake Pit.
 21017 | Lair:2   | Reached XP level 13. HP: 107/107 MP: 27/27
 22169 | Lair:3   | Reached skill level 13 in Ice Magic
 22177 | Lair:3   | Learned a level 7 spell: Dragon Form
 22328 | Lair:3   | Found a staircase to the Swamp.
 22915 | Lair:4   | Found a viscous altar of Jiyva.
 22918 | Lair:4   | Found a staircase to the Slime Pits.
 22962 | Lair:4   | Found a gate leading to a gauntlet.
 22972 | Gauntlet | Entered a Gauntlet
 22972 | Gauntlet | Found a transporter.
 22972 | Gauntlet | Found a transporter.
 22986 | Gauntlet | Found a transporter.
 23004 | Gauntlet | Found a transporter.
 23004 | Gauntlet | Found a transporter.
 23004 | Gauntlet | Found a transporter.
 23006 | Gauntlet | Found a transporter.
 23006 | Gauntlet | Found a transporter.
 23019 | Gauntlet | Found a transporter.
 23035 | Gauntlet | Found a transporter.
 23045 | Gauntlet | Found a transporter.
 23050 | Gauntlet | Found a transporter.
 23084 | Gauntlet | Found a transporter.
 23085 | Gauntlet | Found a runed translucent door.
 23099 | Gauntlet | Found a transporter.
 23496 | Gauntlet | Identified the +1 pair of boots of Amuxi {rPois rC+}
 23831 | Gauntlet | Identified the ring of Doeqosip {+Blink MP+9 Str+2 Stlth-}
 23846 | Gauntlet | Identified the +6 spear of the Distant Future {antimagic,
                  | rN+++ rCorr Str+2 Dex-5}
 23846 | Gauntlet | Noticed a minotaur
 23872 | Gauntlet | Killed a minotaur
 24026 | Gauntlet | Identified the +5 short sword of Descent {flame, rC+ Str-5
                  | Int+3}
 25081 | Lair:4   | Offered knowledge of Iron Shot by Vehumet.
 25212 | Lair:4   | Reached XP level 14. HP: 76/118 MP: 26/29
 25733 | Lair:4   | Paralysed by a floating eye for 4 turns
 26016 | Lair:4   | Reached skill level 14 in Ice Magic
 26145 | Lair:4   | Learned a level 4 spell: Olgreb's Toxic Radiance
 26157 | Lair:5   | Entered Level 5 of the Lair of Beasts
 26166 | Lair:5   | Reached skill level 1 in Poison Magic
 27599 | Lair:5   | Noticed a dire elephant
 27615 | Lair:5   | Killed a dire elephant
 28176 | Lair:5   | Identified the +9 quarterstaff "Fineoref" {holy, rC+ Str+2
                  | SInv}
 28180 | Lair:5   | Identified the ring of Paxi Nif {rPois SInv}
 28436 | Lair:5   | Offered knowledge of Lee's Rapid Deconstruction by Vehumet.
 28552 | Lair:5   | Reached skill level 5 in Poison Magic
 28560 | Lair:5   | Reached skill level 15 in Ice Magic
 29249 | Lair:5   | Reached XP level 15. HP: 116/126 MP: 31/31
 29590 | Orc:1    | Entered Level 1 of the Orcish Mines
 29898 | Orc:1    | Offered knowledge of Yara's Violent Unravelling by Vehumet.
 30275 | Orc:1    | Reached skill level 5 in Dodging
 30335 | Orc:2    | Entered Level 2 of the Orcish Mines
 30346 | Orc:2    | Found a shimmering altar of Xom.
 30583 | Orc:2    | Noticed Seidenschwarz's ghost (journeyman MiFi)
 30584 | Orc:2    | Found a transporter.
 30721 | Orc:2    | Found a staircase to the Elven Halls.
 31390 | Orc:2    | Found Bithupnecw's Armour Shop.
 31390 | Orc:2    | Found Mewemal's General Store.
 31392 | Orc:2    | Found Laohot Boecs's Armour Shop.
 31392 | Orc:2    | Found Vumuz's Antique Weapon Shoppe.
 31404 | Orc:2    | Bought a scroll of identify for 34 gold pieces
 31404 | Orc:2    | Bought a scroll of silence for 161 gold pieces
 31404 | Orc:2    | Bought a scroll of identify for 34 gold pieces
 31526 | Orc:2    | Found a transporter.
 32041 | Orc:2    | Killed Seidenschwarz's ghost
 32043 | Orc:2    | Identified the +0 pair of boots of Ignis's Displeasure {rC+
                  | Int+2 Dex+3}
 32968 | D:11     | Offered knowledge of Fireball by Vehumet.
 34214 | D:12     | Reached skill level 15 in Transmutations
 34413 | D:12     | Noticed Urug
 34424 | D:12     | Killed Urug
 34554 | D:12     | Noticed Maurice
 34561 | D:12     | Killed Maurice
 35219 | Swamp:1  | Entered Level 1 of the Swamp
 35239 | Swamp:1  | Noticed Donald
 35253 | Swamp:1  | Killed Donald
 35415 | Swamp:1  | Reached skill level 16 in Ice Magic
 35715 | Swamp:1  | Reached skill level 1 in Shields
 36050 | Swamp:1  | Noticed Kirke
 36081 | Swamp:1  | Killed Kirke
 36885 | Swamp:2  | Noticed a tentacled monstrosity
 36897 | Swamp:2  | Reached XP level 16. HP: 87/133 MP: 15/32
 36904 | Swamp:2  | Killed a tentacled monstrosity
 37092 | Swamp:2  | Noticed Mlioglotl
 37102 | Swamp:2  | Found a runed translucent door.
 37102 | Swamp:2  | Found a shimmering altar of Xom.
 37102 | Swamp:2  | Noticed Loveship's ghost (adept VSEn)
 37187 | Swamp:2  | Noticed Nikola
 37254 | Swamp:3  | Noticed a thorn hunter
 37256 | Swamp:3  | Offered knowledge of Maxwell's Capacitive Coupling by
                  | Vehumet.
 37442 | Swamp:3  | Killed a thorn hunter
 37833 | Swamp:3  | HP: 8/199 [acid (9)]
 37846 | Swamp:3  | HP: 7/199 [goliath frog (7)]
 37846 | Swamp:3  | HP: 1/199 [acid (6)]
 38314 | Swamp:2  | Noticed a bone dragon
 38403 | Snake:1  | Entered Level 1 of the Snake Pit
 38695 | Snake:1  | Reached skill level 10 in Dodging
 38737 | Snake:1  | Reached skill level 5 in Shields
 38818 | Snake:1  | Reached skill level 10 in Poison Magic
 41735 | Snake:2  | Found Kiqyz's CLEARANCE SALE!.
 41743 | Snake:2  | Bought 2 potions of heal wounds for 30 gold pieces
 41960 | Snake:2  | Reached XP level 17. HP: 77/139 MP: 9/33
 42369 | Snake:2  | Found Nazuyfix's Weapon Shop.
 42374 | Snake:2  | Found Ryidubb's Assorted Antiques.
 42724 | Snake:2  | Found Buuf's Jewellery Shop.
 42742 | Snake:2  | Found Joygasch's General Store.
 42750 | Snake:2  | Bought a scroll of fear for 48 gold pieces
 42828 | Snake:3  | Noticed Aizul
 42843 | Snake:3  | Killed Aizul
 43843 | Snake:3  | Found Sotidom's Magic Scroll Shoppe.
 43964 | Snake:3  | Found Turevuq's Antique Weapon Emporium.
 44414 | Snake:3  | Found a white marble altar of Elyvilon.
 44520 | Snake:4  | Entered Level 4 of the Snake Pit
 44650 | Snake:4  | Found Bapy's Armour Emporium.
 44656 | Snake:4  | Found Qeus's Armour Boutique.
 44659 | Snake:4  | Bought a +2 robe of positive energy for 205 gold pieces
 44659 | Snake:4  | Bought the +1 cloak of Starlight {*Dazzle EV+4 Stlth--} for
                  | 427 gold pieces
 44659 | Snake:4  | Found the +1 cloak of Starlight {*Dazzle EV+4 Stlth--}
 44796 | Snake:4  | Reached skill level 10 in Shields
 45164 | Snake:4  | Found Eposirch's Assorted Antiques.
 45167 | Snake:4  | Bought a scroll of fear for 144 gold pieces
 45212 | Snake:4  | Found Godik's Antique Armour Boutique.
 45326 | Snake:4  | Bought an opalescent robe for 176 gold pieces
 45326 | Snake:4  | Identified the +1 robe of Loadgh Enyse {Rampage Regen+
                  | Dex+2} (You bought it in a shop on level 4 of the Snake
                  | Pit)
 45404 | Snake:4  | Found Uruacw's Assorted Antiques.
 46144 | Snake:4  | Noticed a quicksilver dragon
 46267 | Snake:4  | Noticed a quicksilver dragon
 46276 | Snake:4  | Killed a quicksilver dragon
 46351 | Snake:4  | Killed a quicksilver dragon
 46431 | Snake:4  | Reached ****** piety under Vehumet
 47335 | Snake:4  | Reached XP level 18. HP: 146/146 MP: 23/34
 47411 | Snake:4  | Offered knowledge of Lehudib's Crystal Spear by Vehumet.
 47411 | Snake:4  | Offered knowledge of Shatter by Vehumet.
 47411 | Snake:4  | Offered knowledge of Chain Lightning by Vehumet.
 47601 | Snake:4  | Got a serpentine rune of Zot
 47894 | Swamp:2  | Killed Mlioglotl
 47900 | Swamp:1  | Gained mutation: You are frail. (-10% HP) [mutagenic glow]
 47996 | Swamp:1  | Lost mutation: You are frail. (-10% HP) [potion of
                  | mutation]
 47996 | Swamp:1  | Gained mutation: You are resistant to electric shocks.
                  | (rElec) [potion of mutation]
 47996 | Swamp:1  | Gained mutation: You have hidden genetic potential. [potion
                  | of mutation]
 47996 | Swamp:1  | Gained mutation: Your magical capacity is low. (-10% MP)
                  | [potion of mutation]
 47996 | Swamp:1  | Gained mutation: You expend magic power (3 MP) to
                  | strengthen your wands. [potion of mutation]
 48025 | Swamp:2  | Killed Nikola
 48186 | Swamp:2  | Reached skill level 17 in Ice Magic
 49281 | Swamp:4  | Entered Level 4 of the Swamp
 49332 | Swamp:4  | Identified Roxanne's Papyrus of Earth
 49332 | Swamp:4  | Noticed Roxanne
 49333 | Swamp:4  | Noticed Mara
 49337 | Swamp:4  | Noticed safid's illusion
 49680 | Swamp:4  | Killed Mara
 49695 | Swamp:4  | Gained mutation: You do not regenerate when monsters are
                  | visible. [mutagenic glow]
 49716 | Swamp:4  | Gained mutation: You are clumsy. (Dex -2) [mutagenic glow]
 49740 | Swamp:4  | Gained mutation: You are weak. (Str -2) [mutagenic glow]
 49980 | Snake:2  | Bought the ring of the Gazing Gods {Drain Will+ Int+8
                  | Slay+6 Stlth-} for 1072 gold pieces
 50044 | Snake:4  | Bought a potion of mutation for 288 gold pieces
 50044 | Snake:4  | Lost mutation: You are clumsy. (Dex -2) [potion of
                  | mutation]
 50044 | Snake:4  | Lost mutation: You expend magic power (3 MP) to strengthen
                  | your wands. [potion of mutation]
 50044 | Snake:4  | Gained mutation: You are frail. (-10% HP) [potion of
                  | mutation]
 50045 | Snake:4  | Lost mutation: You are resistant to electric shocks.
                  | (rElec) [potion of mutation]
 50045 | Snake:4  | Lost mutation: You do not regenerate when monsters are
                  | visible. [potion of mutation]
 50045 | Snake:4  | Gained mutation: You are partially covered in large bone
                  | plates. (SH +4) [potion of mutation]
 51452 | Swamp:4  | HP: 1/126 [something (15)]
 51452 | Swamp:4  | Succumbed to poison (dark miasma)

Illustrated notes

Levels and vault maps discovered:
D:1:      dpeg_arrival_three_same_balls, layout_basic
D:2:      cheibrodos_helix_gallery, layout_rooms,
          shapermc_ecumenical_altar_flowoftime, basic_altar, serial_shops, shop,
          nicolae_shop_waterfront, shop, shop, shop
D:3:      layout_basic
D:4:      layout_basic, chequers_serial_rivers_large_a
D:5:      layout_rooms, bloody_trog, minmay_temple_entry_slanted, uniq_ijyb
D:6:      layout_rooms, marbit_many_paths, gup_sewer_entry_glass, serial_shops,
          shop_statue, serial_bayou_lake_a
D:7:      layout_basic, enter_bailey_8, minmay_misc_feat_roman,
          roderic_serpentine_path
D:8:      layout_cave_pools, nicolae_ashenzari_skybound,
          minmay_fractal_squares_diagonal_5, uniq_gastronok
D:9:      layout_loops_cross, chequers_temple_overflow_minitemple, orc_david_3,
          serial_co_window_serial, co_window_corner_a, co_window_paths_a,
          co_window_cross_1, co_window_paths_a, co_window_cross_1,
          co_window_corner_b, co_window_of_opportunity_b, co_window_corner_b,
          co_window_broadway_c, co_window_of_opportunity_b, co_window_paths_e,
          glass_columns_a, glass_columns_b
D:10:     kb_forest_paths, layout_basic, david_lair_shrubbed, feat_on_display
D:11:     layout_basic
D:12:     layout_basic, uniq_urug, uniq_maurice
Lair:1:   layout_long_grid, guppyfry_lair_drakes, grunt_megastairs_2,
          infiniplex_staircase_pool
Lair:2:   layout_chaotic_city, guppyfry_snake_entry_garden, kennysheep_rathole
Lair:3:   layout_chaotic_city, minmay_swamp_entry_reptiles, grunt_megastairs_1,
          infiniplex_staircase_pool_2
Lair:4:   layout_regular_city, slime_entry_1, gauntlet_entry_generic,
          disabler_island
Lair:5:   hangedman_lair_in_review, layout_regular_city,
          hangedman_lair_caniforms_friends, minivault_27
Swamp:1:  nicolae_swamp_wrong_neighborhood, layout_basic_swamp,
          hangedman_swamp_blocks, swamp_pool1, uniq_kirke, uniq_donald
Swamp:2:  nicolae_swamp_ascending_descending_big, layout_basic_swamp,
          ebering_ghost_xom, hangedman_swamp_cone, uniq_mlioglotl, uniq_nikola
Swamp:3:  layout_basic_swamp, hangedman_swamp_ruin_wall, grunt_witch_cave
Swamp:4:  swamp_pestilence, layout_basic_swamp, uniq_roxanne, uniq_mara
Snake:1:  layout_rooms, st_stairs_9, nicolae_snake_single_loop,
          guppyfry_snake_island, serial_bayou_shore_a
Snake:2:  layout_layer_cave, special_room, serial_shops, shop,
          nicolae_shop_statue_plus, nicolae_shop_overgrown_old_shop,
          shop_statue, nicolae_snake_snake_lake, drop_trap,
          nicolae_shop_clearance
Snake:3:  layout_rooms, basic_altar, grunt_megastairs_5, minmay_shoptagon,
          uniq_aizul
Snake:4:  hellmonk_snake_rune_quicksilver_temple, layout_layer_cave,
          serial_shops, nicolae_lakefront_shop,
          nicolae_shop_temple_entry_statues_fountains, shop,
          nicolae_shop_behind_doors, nicolae_square_shop,
          nrook_guardian_serpent_double, serial_bayou_shore_b
Orc:1:    cheibrodos_orc_bank, layout_caves, minmay_orc_temple_b
Orc:2:    grunt_orc_tribal_feast, layout_caves,
          gammafunk_ghost_berserking_beasts, basic_altar, nicolae_orc_lava_tube

Skill      XL: |  1  2  3  4  5  6  7  8  9 10 11 12 13 14 15 16 17 18 |
---------------+-------------------------------------------------------+-----
Fighting       | 1 2 3 4 5 6 8 9 10 11 13 14 | 14.0
Ice Magic      | 5 6 7 8 9 10 11 12 13 15 16 17 | 17.4
Spellcasting   | 3 4 5 6 7 8 9 10 11 12 13 | 13.4
Transmutations | 4 7 9 11 13 14 15 16 | 16.0
Dodging        | 4 8 11 12 | 12.0
Conjurations   | 3 4 |  4.0
Poison Magic   | 6 8 11 12 | 12.0
Shields        | 3 7 11 12 | 12.0
Stealth        | |  2.1

Action                   |  1- 3 |  4- 6 |  7- 9 | 10-12 | 13-15 | 16-18 || total
-------------------------+-------+-------+-------+-------+-------+-------++-------
Melee: Short sword       |    23 |     9 |       |       |       |       ||    32
       Hand axe          |       |    38 |   143 |       |       |       ||   181
       Tailslap          |       |     1 |     1 |     1 |     2 |    11 ||    16
       Rapier            |       |       |     7 |   256 |   378 |   229 ||   870
       Punch             |       |       |       |     6 |     5 |       ||    11
       Unarmed           |       |       |       |       |       |     5 ||     5
 Cast: Freeze            |    47 |    38 |   107 |    39 |     1 |       ||   232
       Frozen Ramparts   |       |    12 |    42 |    79 |    68 |    10 ||   211
       Ozocubu's Armour  |       |     1 |    17 |    55 |    44 |    14 ||   131
       Hailstorm         |       |       |       |    30 |     3 |       ||    33
       Irradiate         |       |       |       |    11 |    54 |    48 ||   113
       Olgreb's Toxic Ra |       |       |       |       |    85 |    13 ||    98
       Ozocubu's Refrige |       |       |       |       |    73 |   345 ||   418
       Ignite Poison     |       |       |       |       |    20 |       ||    20
       Dragon Form       |       |       |       |       |       |     1 ||     1
Evoke: Wand              |       |       |       |     1 |       |       ||     1
  Use: Potion            |       |     1 |       |     1 |    14 |    16 ||    32
       Scroll            |       |       |    11 |     8 |    11 |    16 ||    46
 Stab: Sleeping          |     1 |     3 |     3 |       |     1 |       ||     8
       Distracted        |       |       |       |     1 |     5 |     3 ||     9
       Invisible         |       |       |       |       |     2 |     4 ||     6
       Petrified         |       |       |       |       |     5 |       ||     5
Armor: Robe              |     9 |    11 |    74 |   201 |   280 |   108 ||   683
       Skin              |       |       |       |       |       |     1 ||     1
Dodge: Dodged            |    40 |    42 |   127 |   298 |   616 |   386 ||  1509
Block: Kite shield       |       |       |       |       |    19 |   323 ||   342
       Reflection        |       |       |       |       |     1 |    21 ||    22
